 Dungeon Crawl Stone Soup version 0.27.1-34-g3ba077fa99 (console) character file.

Game seed: 15789763608371691775

370 Banquo the Chopper (level 7, 0/54 HPs)
             Began as a Formicid Fighter on Feb 8, 2022.
             Was a Believer of Jiyva.
             Slain by Edmund (3 damage)
             ... on level 4 of the Dungeon.
             The game lasted 00:11:51 (3365 turns).

Banquo the Chopper (Formicid Fighter)               Turns: 3365, Time: 00:11:54

Health: 0/54       AC:  9    Str: 23    XL:     7   Next: 2%
Magic:  7/7        EV: 11    Int:  9    God:    Jiyva [**....]
Gold:   74         SH: 10    Dex:  8    Spells: 6/6 levels left

rFire    . . .     SeeInvis +   a - +0 war axe
rCold    . . .     Faith    .   i - +0 kite shield
rNeg     . . .     Spirit   .   k - +0 chain mail
rPois    .         Reflect  .   (helmet unavailable)
rElec    .         Harm     .   (no cloak)
rCorr    .         Rampage  .   (no gloves)
Will     .....                  (no boots)
Stlth    ..........             (no amulet)
HPRegen  0.18/turn              e - +4 ring of evasion
MPRegen  0.10/turn              (no ring)

@: no status effects
A: permanent stasis, dig shafts and tunnels, antennae 3, four strong arms
a: Dig, Shaft Self, Renounce Religion, Request Jelly


You were on level 4 of the Dungeon.
You worshipped Jiyva.
Jiyva was pleased with you.
You visited 1 branch of the dungeon, and saw 4 of its levels.

You collected 74 gold pieces.

Inventory:

Hand Weapons
 a - a +0 war axe (weapon)
 b - a +0 spear
 q - a +0 war axe
Missiles
 g - 27 bolts
 j - 17 stones
 m - 2 boomerangs
 o - 25 arrows
Armour
 f - a +0 scale mail
 i - a +0 kite shield (worn)
 k - a +0 chain mail (worn)
Jewellery
 e - a +4 ring of evasion (left hand)
Scrolls
 c - a scroll of noise {unknown}
 h - 2 scrolls of teleportation {unknown}
 l - a scroll of fog {unknown}
Potions
 d - 2 potions of might
 n - a potion of curing {unknown}
 p - a potion of degeneration {unknown}


   Skills:
 + Level 4.0 Fighting
 * Level 5.2 Axes
 + Level 4.0 Armour
 + Level 1.1 Dodging
 + Level 5.0 Shields


You had 6 spell levels left.
You didn't know any spells.
Your spell library was empty.

Dungeon Overview and Level Annotations

Branches:
Dungeon (4/15)
 Temple: D:4-7

Altars:
Elyvilon
Gozag
Makhleb
Wu Jian
Jiyva

Annotations:
D:2 1 runed translucent door, Crazy Yiuf
D:4 Edmund


Innate Abilities, Weirdness & Mutations

You cannot be hasted, slowed, berserked, paralysed or teleported.
You can dig through walls and to a lower floor.
You have a pair of large antennae on your head. (SInv)
Your four strong arms can wield two-handed weapons with a shield.


Message History

Edmund hits you with a +3 vorpal flail. Edmund barely misses you.
You hit Edmund.
Edmund is heavily wounded.
You block Edmund's attack.
You barely miss Edmund.
Edmund is heavily wounded.
You block Edmund's attack.
You completely miss Edmund.
Edmund is heavily wounded.
You block Edmund's attack. x2
You slash Edmund!
Edmund is severely wounded.
Edmund barely misses you.
You hit Edmund.
Edmund is severely wounded.
Edmund hits you with a +3 vorpal flail!
You slash Edmund!
Edmund is almost dead.
Edmund hits you with a +3 vorpal flail. Edmund hits you but does no damage.
You hit Edmund but do no damage.
Edmund is almost dead.
Edmund hits you with a +3 vorpal flail.
You hit Edmund but do no damage.
Edmund is almost dead.
Edmund closely misses you. Edmund hits you with a +3 vorpal flail.
Your shield and chain mail prevent you from hitting Edmund.
Edmund is almost dead.
Your hearing returns.
Edmund hits you with a +3 vorpal flail.
* * * LOW HITPOINT WARNING * * *
x2 You slash Edmund!
Edmund is almost dead.
Edmund closely misses you.
You barely miss Edmund.
Edmund is almost dead.
Edmund hits you with a +3 vorpal flail.
* * * LOW HITPOINT WARNING * * *
x2 Edmund hits you with a +3 vorpal flail!
* * * LOW HITPOINT WARNING * * *
You die...

###.........#
..................#
##...........#....#
##.......###.......
...#..........#.:....
.......).)..>..#...##
.##.....<..##..#....#
.
##...........@.##....
#............@......#
............#.###...##
..#.........##... {##
# ##........##.##..
#.......###.# ...
#.##....# #.# .. #.
#..#.. ... . #..#..
...


You could see Edmund.

Vanquished Creatures
  Grinder (D:3)
  A bullfrog (D:3)
  4 adders (D:2)
  A gnoll (D:1)
  2 dart slugs
  4 orcs
  5 endoplasms
  2 giant cockroaches
  2 goblins
  3 hobgoblins
  7 jackals
  4 ball pythons
  3 bats (D:2)
  9 frilled lizards
  4 kobolds
  4 rats
56 creatures vanquished.

Vanquished Creatures (others)
  2 orc priests (D:3)
  An orc wizard (D:3)
  An orc (D:3)
  A ball python (D:2)
  A goblin (D:2)
  A hobgoblin (D:3)
  A bat (D:3)
  A kobold (D:2)
  A rat (D:3)
  2 fungi (D:2)
  12 plants (D:3)
24 creatures vanquished.

Grand Total: 80 creatures vanquished

Notes
Turn   | Place    | Note
-------+----------+-------------------------------------------
     0 | D:1      | Banquo the Formicid Fighter began the quest for the Orb.
     0 | D:1      | Reached XP level 1. HP: 18/18 MP: 1/1
   128 | D:1      | Reached XP level 2. HP: 19/24 MP: 2/2
   467 | D:1      | Reached XP level 3. HP: 23/29 MP: 3/3
  1144 | D:2      | Reached XP level 4. HP: 30/35 MP: 4/4
  1415 | D:2      | Found a faded altar of an unknown god.
  1420 | D:2      | Reached skill level 1 in Dodging
  1434 | D:2      | Became a worshipper of Jiyva Jukholiy the Shapeless
  1434 | D:2      | Reached * piety under Jiyva
  1520 | D:2      | Found a burning altar of Makhleb.
  1667 | D:2      | Found a runed translucent door.
  1668 | D:2      | Noticed Crazy Yiuf
  2266 | D:3      | Found an opulent altar of Gozag.
  2268 | D:3      | Found a white marble altar of Elyvilon.
  2291 | D:3      | Noticed a bullfrog
  2305 | D:3      | Killed a bullfrog
  2306 | D:3      | Reached XP level 5. HP: 25/42 MP: 5/5
  2427 | D:3      | Found an ornate altar of the Wu Jian Council.
  2519 | D:3      | Noticed Grinder
  2548 | D:3      | Killed Grinder
  2549 | D:3      | Reached skill level 5 in Axes
  2549 | D:3      | Reached skill level 5 in Shields
  2549 | D:3      | Reached XP level 6. HP: 23/48 MP: 6/6
  2694 | D:3      | Reached ** piety under Jiyva
  2717 | D:3      | Reached XP level 7. HP: 53/53 MP: 7/7
  3346 | D:4      | Noticed Edmund
  3365 | D:4      | Slain by Edmund

Illustrated notes

Levels and vault maps discovered:
D:1:      tarquinn_simple_flora_water_f, layout_rooms, minmay_lizard_pond
D:2:      layout_loops_corners, basic_altar,
          hellmonk_ecumenical_altar_pennies_from_heaven, uniq_crazy_yiuf_cottage
D:3:      layout_loops_corners, nicolae_gozag_cash_rules_everything_around_me,
          mainiacjoe_overflow_large_starburst, chequers_big_river,
          minmay_statues_item, uniq_grinder
D:4:      layout_cave_pools, tgw_kikubaaqudgha, serial_shops, shop,
          abandoned_shop, uniq_edmund

Skill      XL: |  1  2  3  4  5  6  7 |
---------------+----------------------+-----
Shields        | 4 5 |  5.0
Axes           | 4 5 |  5.2
Dodging        | 1 |  1.1
Armour         | 4 |  4.0
Fighting       | 4 |  4.0

Action                   |  1- 3 |  4- 6 |  7- 9 || total
-------------------------+-------+-------+-------++-------
Melee: War axe           |   126 |   107 |    24 ||   257
 Abil: Dig               |     2 |     3 |       ||     5
  Use: Scroll            |       |       |     1 ||     1
Armor: Scale mail        |    25 |       |       ||    25
       Chain mail        |    19 |    40 |     3 ||    62
Dodge: Dodged            |    71 |    55 |    10 ||   136
Block: Kite shield       |    58 |    56 |    15 ||   129
